 Dungeon Crawl Stone Soup version 0.28.0-43-g3370ac3207 (webtiles) character file.

Game seed: 16706074391582849542

951 zeratav the Insei (level 8, 0/48 (50) HPs)
             Began as an Octopode Transmuter on Apr 1, 2022.
             Slain by a wight
             ... wielding a +2 scimitar
              (9 damage)
             ... on level 4 of the Dungeon.
             The game lasted 00:16:13 (4907 turns).

zeratav the Insei (Octopode Transmuter)             Turns: 4907, Time: 00:16:13

HP:   0/48 (50)     AC:  2    Str: 15    XL:     8   Next: 13%
MP:   12/14         EV: 20    Int: 18    God:
Gold: 184           SH:  0    Dex: 17    Spells: 11/15 levels left

rFire   . . .      SeeInvis .     - Unarmed
rCold   . . .      Faith    .   (shield currently unavailable)
rNeg    . . .      Spirit   .   (helmet currently unavailable)
rPois   x          Reflect  .   (no amulet)
rElec   .          Harm     .   c - +6 ring of strength
rCorr   .          Rampage  .   (no ring)
Will    .....                   (no ring)
Stlth   ++........              (no ring)
HPRegen 0.16/turn               (no ring)
MPRegen 0.14/turn               (no ring)
                                (no ring)
                                (no ring)

@: spider-form, lightly drained
A: venomous fangs, almost no armour, (amphibious), 8 rings, tiny, (camouflage
1), (gelatinous body 1), (nimble swimmer 1), (tentacles), (fire resistance 1)
a: End Transformation


You were on level 4 of the Dungeon.
You were a venomous arachnid creature.
You visited 1 branch of the dungeon, and saw 4 of its levels.

You collected 184 gold pieces.

Inventory:

Missiles
 b - 3 poisoned darts (quivered)
Armour
 h - a +0 kite shield
Jewellery
 c - a +6 ring of strength (left front leg)
Scrolls
 d - a scroll of enchant armour
Potions
 a - a potion of attraction
 e - 2 potions of might
 f - a potion of flight {unknown}
 i - a potion of ambrosia {unknown}


   Skills:
 + Level 2.2 Fighting
 - Level 0.3 Throwing
 + Level 2.8 Dodging
 + Level 5.4 Unarmed Combat
 + Level 4.1 Spellcasting
 + Level 4.1 Transmutations
 * Level 5.2 Poison Magic


You had 11 spell levels left.
You knew the following spells:

 Your Spells              Type           Power      Damage    Failure   Level
a - Beastly Appendage     Tmut           36%        N/A       10%         1
b - Spider Form           Tmut/Pois      20%        N/A       17%         3

Your spell library contained the following spells:

 Spells                   Type           Power      Damage    Failure   Level
 Wereblood                Tmut           18%        N/A       13%         2
 Slow                     Hex            12%        N/A       32%         1
 Summon Small Mammal      Summ           12%        N/A       32%         1
 Call Canine Familiar     Summ           3%         N/A       63%         3
 Confusing Touch          Hex            3%         N/A       63%         3
 Summon Guardian Golem    Hex/Summ       3%         N/A       63%         3
 Vampiric Draining        Necr           3%         2d6       63%         3
 Ice Form                 Ice/Tmut       11%        N/A       73%         4


Dungeon Overview and Level Annotations

Branches:
Dungeon (4/15)
 Temple: D:4-7

Altars:
Ru

Shops:
D:2 [   D:4 :


Innate Abilities, Weirdness & Mutations

You are a venomous arachnid creature.
You have poisonous fangs.
You are tiny and dextrous.
Your spellcasting is less reliable in this form.
Your armour is entirely melded.
You are incapable of wielding weapons or throwing items.
You cannot wear most types of armour.
((You are amphibious.))
You can wear up to eight rings at the same time.
((Your skin changes colour to match your surroundings (Stealth+).))
((Your rubbery body absorbs attacks. (AC +1, EV +1)))
((You are camouflaged when in or above water. (Stealth+)))
((You have tentacles for arms and can constrict up to eight enemies at once.))
((Your flesh is heat resistant. (rF+)))


Message History

You turn into a venomous arachnid creature.
The hobgoblin shouts!
The hobgoblin closely misses you.
You bite the hobgoblin!
You kill the hobgoblin!
You see here a hobgoblin corpse.
There is a stone staircase leading up here.
Your transformation is almost over.
Your transformation has ended.
A kobold comes into view. It is wielding a +0 dagger.
An orc comes into view. It is wielding a +0 hand axe.
The orc shouts!
You hear a shout!
An orc comes into view. It is wielding a +0 war axe.
An orc comes into view. It is wielding a +0 trident.
Casting: Spider Form (dangerous; 6% risk of failure)
Confirm with . or Enter, or press ? or * to list all spells.
You turn into a venomous arachnid creature.
The wight hits you with a +2 scimitar!
You hit the wight.
The wight is lightly damaged.
The wight hits you with a +2 scimitar!
You hit the wight but do no damage.
The wight is lightly damaged.
The wight hits you with a +2 scimitar!
You feel drained.
You bite the wight!
The wight is heavily damaged.
The wight misses you.
You barely miss the wight.
The wight is heavily damaged.
You hit the wight but do no damage.
The wight is heavily damaged.
The wight hits you with a +2 scimitar!
* * * LOW HITPOINT WARNING * * *
You hit the wight but do no damage.
The wight is heavily damaged.
The wight misses you.
You hit the wight.
The wight is severely damaged.
The wight hits you with a +2 scimitar!
You die...

#.# #.# #.# #.# #.# #.# #.# #.#
#.# #.# ##<## #.# ##.#.##
###.#########.K
##.###.##########..............
#.## ##.......szoo#.........o##
##.###.#####################...
##.#.## # ##.## ###


You could see a wight and 2 orcs.

Vanquished Creatures
  Pikel (D:4)
  Eustachio (D:4)
  A water moccasin (D:3)
  A lemure (D:4)
  A scorpion (D:4)
  2 iguanas
  An orc wizard (D:4)
  A hound skeleton (D:4)
  3 adders
  An adder skeleton (D:4)
  3 worms
  2 dart slugs (D:1)
  7 orcs
  An endoplasm (D:2)
  4 giant cockroaches
  2 goblins
  7 hobgoblins
  4 jackals (D:1)
  2 kobolds
  2 quokkas
  10 ball pythons
  3 bats
  5 frilled lizards
  4 rats
69 creatures vanquished.

Notes
Turn   | Place    | Note
-------+----------+-------------------------------------------
     0 | D:1      | zeratav the Octopode Transmuter began the quest for the
                  | Orb.
     0 | D:1      | Reached XP level 1. HP: 13/13 MP: 3/3
   110 | D:1      | Reached skill level 1 in Poison Magic
   111 | D:1      | Reached XP level 2. HP: 11/18 MP: 1/5
   441 | D:1      | Found a faded altar of an unknown god.
   862 | D:1      | You fall into a shaft and drop 1 floor!
  1381 | D:2      | Reached XP level 3. HP: 13/23 MP: 4/6
  1385 | D:2      | Learned a level 3 spell: Spider Form
  1772 | D:2      | Found Uskastrig's Antique Armour Shop.
  2220 | D:2      | Reached XP level 4. HP: 23/28 MP: 4/7
  3080 | D:3      | Found a sacrificial altar of Ru.
  3524 | D:3      | Noticed a water moccasin
  3534 | D:3      | Killed a water moccasin
  3535 | D:3      | Reached XP level 5. HP: 31/33 MP: 1/9
  3887 | D:4      | Reached XP level 6. HP: 38/38 MP: 6/10
  4131 | D:4      | Noticed Pikel
  4156 | D:4      | HP: 1/38 [Pikel/+2 whip of freezing (2)]
  4165 | D:4      | Killed Pikel
  4166 | D:4      | Reached skill level 5 in Unarmed Combat
  4166 | D:4      | Reached XP level 7. HP: 2/45 MP: 8/12
  4465 | D:4      | Gained mutation: Your flesh is heat resistant. (rF+)
                  | [potion of mutation]
  4465 | D:4      | Gained mutation: You tend to lose your temper in combat.
                  | [potion of mutation]
  4465 | D:4      | Lost mutation: You tend to lose your temper in combat.
                  | [potion of mutation]
  4469 | D:4      | Found Reyczy's Book Shop.
  4469 | D:4      | Noticed Eustachio
  4491 | D:4      | Killed Eustachio
  4492 | D:4      | Reached XP level 8. HP: 28/50 MP: 8/14
  4675 | D:4      | Reached skill level 5 in Poison Magic
  4907 | D:4      | Slain by a wight

Illustrated notes

Levels and vault maps discovered:
D:1:      onia_arrival_pyramid, layout_loops_ring,
          ebering_ecumenical_altar_hall, grunt_decor_cap, minmay_pentomino_s4
D:2:      layout_basic, serial_shops, shop, chequers_hall_statues_y,
          minmay_bisected
D:3:      layout_loops_ring, mainiacjoe_overflow_alcove_2
D:4:      layout_loops_ring, ebering_ghost_reflecting_pool, serial_shops,
          nicolae_shop_advertising_works [nicolae_subvault_shop_adworks],
          uniq_eustachio, uniq_pikel

Skill      XL: |  1  2  3  4  5  6  7  8 |
---------------+-------------------------+-----
Poison Magic   | 1 2 3 4 5 |  5.2
Spellcasting   | 3 4 |  4.1
Transmutations | 3 4 |  4.1
Unarmed Combat | 4 5 |  5.4
Fighting       | 2 |  2.2
Throwing       | |  0.3
Dodging        | |  2.8

Action                   |  1- 3 |  4- 6 |  7- 9 || total
-------------------------+-------+-------+-------++-------
Melee: Unarmed           |    66 |    75 |    33 ||   174
       Kick              |     9 |     4 |       ||    13
       Constrict         |    17 |     6 |     1 ||    24
       Tentacles         |     6 |     3 |     2 ||    11
       Punch             |     4 |       |       ||     4
Throw: Dart              |     6 |     5 |       ||    11
 Cast: Beastly Appendage |    19 |     6 |       ||    25
       Spider Form       |     2 |     9 |     7 ||    18
  Use: Scroll            |     2 |     4 |     2 ||     8
       Potion            |       |       |     1 ||     1
 Stab: Sleeping          |     4 |     1 |       ||     5
Armor: Skin              |     4 |     4 |     5 ||    13
Dodge: Dodged            |    30 |    48 |    27 ||   105
